 Dungeon Crawl Stone Soup version 0.17-a0-776-gd86b262 (webtiles) character file.

3415 namelastname112 the Bolt Thrower (level 9, -3/75 HPs)
             Began as a Grey Draconian Hunter on Apr 24, 2015.
             Was a Priest of Zin.
             Slain by a hill giant
             ... wielding a +0 giant spiked club
              (27 damage)
             ... on level 8 of the Dungeon.
             The game lasted 00:21:11 (8060 turns).

namelastname112 the Bolt Thrower (DrHu)             Turns: 8060, Time: 00:21:12

Health: -3/75      AC: 16    Str: 17    XL:     9   Next: 76%
Magic:  12/12      EV: 21    Int: 12    God:    Zin [***...]
Gold:   413        SH:  0    Dex: 20    Spells: 0 memorised, 8 levels left

rFire  . . .     SeeInvis .     b - +0 arbalest
rCold  + . .     Clarity  .     (armour unavailable)
rNeg   . . .     SustAb   .     (no shield)
rPois  .         Gourm    .     m - +2 hat
rElec  .         Spirit   .     (no cloak)
rCorr  .         Warding  .     f - +0 pair of gloves
rMut   +         Stasis   .     L - +0 pair of boots
MR     .....                    K - amulet of resist mutation
Stlth  ++++......               Q - +3 ring of strength
                                h - ring of protection from cold

@: agile, not resistant to hostile enchantments, stealthy
A: walk through water, unfitting armour, unbreathing, cold-blooded, AC +12
a: Recite, Vitalisation, Imprison, Renounce Religion


You were on level 8 of the Dungeon.
You worshipped Zin.
Zin was most pleased with you.
You were hungry.

You visited 2 branches of the dungeon, and saw 9 of its levels.
You also visited: Sewer.

You collected 458 gold pieces.
You donated 45 gold pieces to Zin.

Inventory:

Hand weapons
 a - a +1 whip of electrocution
 b - a +0 arbalest (weapon)
Missiles
 c - 54 bolts
 A - 4 poisoned bolts (quivered)
Armour
 f - a +0 pair of gloves (worn)
 m - a +2 hat (worn)
 L - a +0 pair of boots (worn)
Jewellery
 h - a ring of protection from cold (left hand)
 y - an uncursed ring of flight
 K - an amulet of resist mutation (around neck)
 P - a cursed ring of loudness {unknown}
 Q - a +3 ring of strength (right hand)
Magical devices
 i - a wand of random effects (25)
 o - a wand of frost (9)
 C - a wand of flame (34)
 M - a wand of frost (25)
 N - a wand of flame (3)
Scrolls
 e - 5 scrolls of remove curse
 j - a scroll of teleportation
 r - 2 scrolls of enchant weapon
 s - 2 scrolls of amnesia {unknown}
 E - a scroll of magic mapping {unknown}
 F - 4 scrolls of identify
 H - 3 scrolls of fog
 I - a scroll of recharging {unknown}
 J - 3 scrolls of immolation {unknown}
 R - a scroll of enchant armour
 U - a scroll of fear {unknown}
Potions
 g - 3 potions of magic
 k - a potion of cure mutation {unknown}
 l - 6 potions of curing
 p - a potion of invisibility {unknown}
 q - a potion of brilliance {unknown}
 t - a potion of resistance {unknown}
 u - 2 potions of restore abilities {unknown}
 v - 2 potions of agility
 w - a potion of might {unknown}
 x - 2 potions of heal wounds {unknown}
 z - 2 potions of degeneration {unknown}
 B - 2 potions of lignification {unknown}
 D - a potion of mutation {unknown}
 G - 2 potions of flight
 O - a potion of cancellation {unknown}
Books
 S - a book of Callings

   Spells                             Type                      Level
   a - Summon Small Mammal            Summoning                    1
   b - Call Imp                       Summoning                    2
   c - Call Canine Familiar           Summoning                    3
   d - Summon Guardian Golem          Hexes/Summoning              3
   e - Summon Lightning Spire         Summoning/Air                4
   f - Summon Ice Beast               Ice/Summoning                4
Comestibles
 d - 9 bread rations
 n - 2 meat rations
 T - 3 fruits
 V - a beef jerky


   Skills:
 + Level 5.9 Fighting
 + Level 5.4 Maces & Flails
 * Level 7.9 Crossbows
 + Level 5.5 Dodging
 + Level 5.4 Stealth
 + Level 4.0 Invocations


You had 8 spell levels left.
You didn't know any spells.

Dungeon Overview and Level Annotations

Branches:
Dungeon (8/15)             Temple (1/1) D:7
   Lair: D:8-11

Altars:
Ashenzari
Cheibriados
Dithmenos
Elyvilon
Fedhas
Gozag
Kikubaaqudgha
Makhleb
Nemelex Xobeh
Okawaru
Qazlal
Ru
Sif Muna
Trog
Vehumet
Xom
Yredelemnul
Zin
The Shining One

Shops:
D:6 *


Innate Abilities, Weirdness & Mutations

You can walk through water.
Your dull iron-grey scales are very hard (AC +12).
Your body does not fit into most forms of armour.
You can survive without breathing.
You are cold-blooded and may be slowed by cold attacks.


Message History

Firing (i - inventory. (,) - cycle):
A - 7 poisoned bolts (quivered)
Press: ? - help, Shift-Dir - straight line, f/p - hill giant
Aim: a hill giant, wielding a giant spiked club (moderately wounded)
You shoot a poisoned bolt.
The poisoned bolt barely misses the hill giant.
The hill giant misses you.
Firing (i - inventory. (,) - cycle):
A - 6 poisoned bolts (quivered)
Press: ? - help, Shift-Dir - straight line, f/p - hill giant
Aim: a hill giant, wielding a giant spiked club (moderately wounded)
You shoot a poisoned bolt.
The poisoned bolt barely misses the hill giant.
The hill giant barely misses you.
Firing (i - inventory. (,) - cycle):
A - 5 poisoned bolts (quivered)
Press: ? - help, Shift-Dir - straight line, f/p - hill giant
Aim: a hill giant, wielding a giant spiked club (moderately wounded)
You shoot a poisoned bolt. The poisoned bolt hits the hill giant!!
The hill giant is poisoned.
The hill giant is heavily wounded.
The hill giant hits you with a giant spiked club!!
You die...

##.#....<.........###...)##
#..###.#.#.#.#.....#.......
##.###.............#...#....
#..####.#.#.#.##.#...##.....
#......#..##..#....#.##.###.
######.#...........#.#...##.
..#..#>#####(.....#......
#.##.#(.#.(..####.....### #.
#.#..@C#### ##.#.####
#.##.#(.### #.### #.
#....(...# #.#####.
##......!# #######.......
#.##(##............##..#
#.#..........####.###.##
#.....#.....[... #.###..#
##..###........ #..##... #..
#....... ##......


You could see a hill giant.

Vanquished Creatures
  Erica (D:8)
  Grinder (D:3)
  Sigmund (D:3)
  A spriggan (D:7)
  A hungry ghost (D:7)
  2 sky beasts
  4 ogres (D:8)
  A black bear (D:6)
  An ice beast (D:6)
  2 centaurs
  2 big kobolds
  2 giant frogs
  A scorpion (D:7)
  4 hounds (D:8)
  A jelly (D:8)
  5 orc priests
  An orc wizard (D:8)
  2 giant frog skeletons (D:8)
  Ijyb (D:3)
  An iguana (D:4)
  Jessica (D:3)
  Terence (D:3)
  6 worker ants
  13 gnolls
  9 adders
  An ooze (D:3)
  3 worms
  11 giant geckos
  15 orcs
  2 bat skeletons
  10 giant cockroaches
  10 hobgoblins
  21 jackals
  20 kobolds
  7 quokkas
  2 ball pythons
  14 bats
  4 giant newts
  11 goblins
  17 rats
  A ballistomycete (D:8)
214 creatures vanquished.

Vanquished Creatures (others)
  A hound (D:8)
  A worker ant (D:8)
  A hobgoblin (D:2)
  A giant spore (D:8)
  A ballistomycete (D:8)
5 creatures vanquished.

Grand Total: 219 creatures vanquished

Notes
Turn   | Place    | Note
--------------------------------------------------------------
     0 | D:1      | namelastname112, the Draconian Hunter, began the quest for the Orb.
     0 | D:1      | Reached XP level 1. HP: 17/17 MP: 1/1
    47 | D:1      | Reached skill level 1 in Stealth
   163 | D:1      | Reached XP level 2. HP: 18/25 MP: 2/2
   499 | D:2      | Found a shimmering altar of Xom.
   499 | D:2      | Noticed an angel
   500 | D:2      | Found a glowing silver altar of Zin.
   549 | D:2      | Reached XP level 3. HP: 24/30 MP: 3/3
  1120 | D:3      | Noticed Ijyb
  1127 | D:3      | Killed Ijyb
  1127 | D:3      | Reached skill level 1 in Maces & Flails
  1127 | D:3      | Reached XP level 4. HP: 35/37 MP: 4/4
  1226 | D:3      | Noticed Jessica
  1229 | D:3      | Killed Jessica
  1229 | D:3      | Reached skill level 4 in Crossbows
  1283 | D:3      | Noticed Sigmund
  1352 | D:3      | Killed Sigmund
  1352 | D:3      | Reached XP level 5. HP: 39/45 MP: 5/5
  1352 | D:3      | Reached XP level 6. HP: 44/51 MP: 6/6
  1654 | D:3      | Noticed Grinder
  1767 | D:3      | Killed Grinder
  1767 | D:3      | Reached skill level 5 in Crossbows
  1945 | D:3      | Noticed Terence
  1955 | D:3      | Killed Terence
  1955 | D:3      | Your scales start taking on a dull iron-grey colour.
  1955 | D:3      | Gained mutation: You can survive without breathing. [Grey Draconian growth]
  1955 | D:3      | Reached XP level 7. HP: 41/58 MP: 7/7
  2528 | D:4      | Found a blossoming altar of Fedhas.
  3665 | D:5      | Entered Level 5 of the Dungeon
  4019 | D:5      | Found a glowing drain.
  4049 | Sewer    | Entered a sewer
  4168 | Sewer    | Found a white marble altar of Elyvilon.
  4554 | D:6      | Found Rocvenue's General Store.
  4571 | D:6      | Reached XP level 8. HP: 65/67 MP: 8/8
  4668 | D:6      | Reached skill level 6 in Crossbows
  4698 | D:6      | Found a radiant altar of Vehumet.
  4699 | D:6      | Found a glowing golden altar of the Shining One.
  4702 | D:6      | Found an ancient bone altar of Kikubaaqudgha.
  4702 | D:6      | Found a basalt altar of Yredelemnul.
  4702 | D:6      | Found a shattered altar of Ashenzari.
  4703 | D:6      | Found a bloodstained altar of Trog.
  4703 | D:6      | Found an opulent altar of Gozag.
  4703 | D:6      | Found a deep blue altar of Sif Muna.
  4713 | D:6      | Became a worshipper of Ashenzari the Shackled
  5310 | D:2      | Fell from the grace of Ashenzari
  5310 | D:2      | Became a worshipper of Zin the Law-Giver
  5310 | D:2      | Acquired Zin's first power
  5616 | D:7      | Found an iron altar of Okawaru.
  5683 | D:7      | Reached skill level 1 in Invocations
  5802 | D:7      | Acquired Zin's second power
  5893 | D:7      | Reached skill level 5 in Fighting
  6147 | D:7      | Found a staircase to the Ecumenical Temple.
  6160 | Temple   | Entered the Ecumenical Temple
  7164 | D:8      | Noticed Erica
  7172 | D:8      | Killed Erica
  7172 | D:8      | Reached skill level 7 in Crossbows
  7172 | D:8      | Reached skill level 5 in Dodging
  7172 | D:8      | Reached XP level 9. HP: 56/74 MP: 9/11
  7178 | D:8      | Reached skill level 5 in Stealth
  7200 | D:8      | Reached skill level 5 in Maces & Flails
  7451 | D:8      | Found a sparkling altar of Nemelex Xobeh.
  7828 | D:8      | Was forgiven by Ashenzari
  7923 | D:8      | Acquired Zin's third power
  8018 | D:8      | Noticed a hill giant
  8060 | D:8      | Slain by a hill giant

Action                   |  1- 3 |  4- 6 |  7- 9 || total
-------------------------+-------+-------+-------++-------
Melee: Short sword       |    40 |       |       ||    40
       Whip              |    80 |   103 |   485 ||   668
 Fire: Hand crossbow     |     6 |    13 |    31 ||    50
       Arbalest          |       |       |    36 ||    36
Invok: Recite            |       |       |     3 ||     3
  Use: Scroll            |       |    10 |     1 ||    11
       Potion            |       |       |     4 ||     4
 Stab: Sleeping          |     1 |     1 |     8 ||    10
  Eat: Chunk             |     1 |     3 |    13 ||    17
       Meat ration       |       |       |     1 ||     1
       Beef jerky        |       |       |     1 ||     1
